 Seeded DCSS version 0.30-a0-374-g95c0257040 (webtiles) character file.

Game seed: 15795589672852954249 (custom seed)

844 purpskrrrp the Chopper (level 7, -1/54 HPs)
             Began as a Minotaur Fighter on Nov 26, 2022.
             Was a Priest of Okawaru.
             Killed by divine providence
             ... invoked by an orc priest
              (13 damage)
             ... on level 5 of the Dungeon.
             The game lasted 00:05:42 (4591 turns).

purpskrrrp the Chopper (Minotaur Fighter)           Turns: 4591, Time: 00:05:43

Health: -1/54      AC:  7    Str: 26    XL:     7   Next: 68%
Magic:  8/8        EV:  9    Int:  4    God:    Okawaru [***...]
Gold:   305        SH:  6    Dex:  9    Spells: 6/6 levels left

rFire   + . .      SeeInvis .    a - +1 war axe (venom)
rCold   + . .      Faith    .    c - +1 buckler
rNeg    . . .      Spirit   .    b - +0 scale mail
rPois   .          Reflect  .    (helmet restricted)
rElec   .          Harm     .    p - scarf {rC+ rF+}
rCorr   .          Rampage  .    (no gloves)
Will    +....                    (no boots)
Stlth   ..........               (no amulet)
HPRegen 0.29/turn                (no ring)
MPRegen 0.11/turn                (no ring)

@: no status effects
A: horns 2, retaliatory headbutt, frail 1, strong-willed 1, screaming 1, strong
1
a: Renounce Religion, Heroism


You were on level 5 of the Dungeon.
You worshipped Okawaru.
Okawaru was most pleased with you.
You visited 1 branch of the dungeon, and saw 5 of its levels.

You collected 305 gold pieces.

Inventory:

Hand Weapons
 a - a +1 war axe of venom (weapon)
Armour
 b - a +0 scale mail (worn)
 c - a +1 buckler (worn)
 p - a scarf of resistance (worn)
Wands
 q - a wand of flame (21)
Scrolls
 d - a scroll of fog
 g - 2 scrolls of identify
 i - a scroll of brand weapon
 l - a scroll of magic mapping
 m - 2 scrolls of amnesia {unknown}
Potions
 e - 2 potions of magic
 f - a potion of curing
 h - 2 potions of lignification {unknown}
 j - a potion of cancellation
 k - a potion of resistance
 n - a potion of brilliance {unknown}
 o - a potion of haste {unknown}


   Skills:
 + Level 5.6 Fighting
 * Level 6.5 Axes
 + Level 5.7 Armour
 + Level 5.6 Shields
 + Level 2.8 Invocations


You had 6 spell levels left.
You didn't know any spells.
Your spell library contained the following spells:

 Spells                   Type           Power      Damage    Failure   Level
 Shock                    Conj/Air       0%         1d3       85%         1
 Ensorcelled Hibernation  Hex/Ice        0%         N/A       94%         2
 Passwall                 Tmut/Erth      0%         N/A       94%         2
 Ozocubu's Armour         Ice            0%         N/A       99%         3
 Swiftness                Air            0%         N/A       99%         3
 Airstrike                Air            0%         2d(0-16)  100%        4
 Passage of Golubria      Tloc           0%         N/A       100%        4
 Metabolic Englaciation   Hex/Ice        0%         N/A       100%        5
 Yara's Violent Unravell  Hex/Tmut       0%         3d3       100%        5
 Tukima's Dance           Hex            Unusable   N/A       N/A         3
 Simulacrum               Ice/Necr       Unusable   N/A       N/A         6

Dungeon Overview and Level Annotations

Branches:
Dungeon (5/15)             Temple (0/1) D:4

Altars:
Makhleb
Nemelex Xobeh
Okawaru
Qazlal


Innate Abilities, Weirdness & Mutations

You have a pair of horns on your head.
You reflexively headbutt those who attack you in melee.
You are frail. (-10% HP)
You are strong-willed. (Will+)
You occasionally shout uncontrollably at your foes.
Your muscles are strong. (Str +4, Int/Dex -1)


Message History

You yell at the orc!
The orc priest invokes the aid of Beogh against you.
Beogh smites you!
You closely miss the orc priest. Your headbutt misses the orc priest.
The orc priest is heavily wounded.
The orc priest mumbles some strange prayers to Beogh against you.
Beogh smites you! The hound barely misses you.
You are too injured to fight recklessly!
You are too injured to fight recklessly!
You are too injured to fight recklessly!
You are too injured to fight recklessly!
You are too injured to fight recklessly!
You are too injured to fight recklessly!
You are too injured to fight recklessly!
You are too injured to fight recklessly!
You are too injured to fight recklessly!
You are too injured to fight recklessly!
You are too injured to fight recklessly!
You are too injured to fight recklessly!
You are too injured to fight recklessly!
You are too injured to fight recklessly!
You are too injured to fight recklessly!
You are too injured to fight recklessly!
You are too injured to fight recklessly!
You are too injured to fight recklessly!
You are too injured to fight recklessly!
The hound bites you. The hound attacks as you move away! The hound bites you.
The orc priest attacks as you move away!
The orc priest hits you with a +3 mace.
The orc priest invokes the aid of Beogh against you.
Pain shoots through your body!
The orc priest mumbles some strange prayers to Beogh against you.
Beogh smites you!
* * * LOW HITPOINT WARNING * * *
You feel better. The hound attacks as you move away!
The hound bites you but does no damage.
The orc priest invokes the aid of Beogh against you.
Beogh smites you!
You die...

#.....##.#.....###
########.#...?.# #.#######
####### #.# #.....# #.#
###)###.# #.# ##.#)# #.#
#.###########
##.#.)###.#####.##.........
##.###.##..@.h.o....########
#.#####..#.####...### ###
##...#.##..# #.....# #..
#.......##.# ##.(.## #.# ###
#..........# ##.## #.# ..#
#.......#### #.# #.# #.#
##....### #o# #.. #.# ##...#
#'# #.# #.# #.####### .. #.#


You could see a hound and an orc priest (poisoned).

Vanquished Creatures
  Grinder (D:4)
  A steam dragon (D:5)
  An ogre (D:4)
  A centaur (D:5)
  A phantom (D:5)
  A necrophage (D:5)
  A hound (D:5)
  A jelly (D:4)
  2 iguanas (D:5)
  4 adders
  A dart slug (D:1)
  11 orcs (D:5)
  6 ball pythons
  3 bats
  5 endoplasms
  3 giant cockroaches
  6 goblins
  3 hobgoblins
  8 kobolds
  4 quokkas
  2 frilled lizards (D:1)
  3 rats
69 creatures vanquished.

Notes
Turn   | Place    | Note
-------+----------+-------------------------------------------
     0 | D:1      | purpskrrrp the Minotaur Fighter began the quest for the
                  | Orb.
     0 | D:1      | Reached XP level 1. HP: 19/19 MP: 0/0
   238 | D:1      | Reached XP level 2. HP: 24/27 MP: 1/1
   299 | D:1      | Reached skill level 3 in Axes
  1154 | D:2      | Reached XP level 3. HP: 26/33 MP: 2/2
  1630 | D:3      | Found a faded altar of an unknown god.
  1657 | D:3      | Prayed at the altar of an unknown god.
  1657 | D:3      | Became a worshipper of Warmaster Okawaru
  1657 | D:3      | Reached * piety under Okawaru
  1878 | D:3      | Found a sparkling altar of Nemelex Xobeh.
  2312 | D:3      | Reached XP level 4. HP: 38/40 MP: 3/3
  2770 | D:4      | Gained mutation: You are frail. (-10% HP) [potion of
                  | mutation]
  2770 | D:4      | Gained mutation: You occasionally shout uncontrollably at
                  | your foes. [potion of mutation]
  2770 | D:4      | Gained mutation: You are strong-willed. (Will+) [potion of
                  | mutation]
  2770 | D:4      | Gained mutation: Your muscles are strong. (Str +4, Int/Dex
                  | -1) [potion of mutation]
  2797 | D:4      | Found a burning altar of Makhleb.
  2835 | D:4      | Reached skill level 4 in Axes
  3356 | D:4      | Found a staircase to the Ecumenical Temple.
  3382 | D:4      | Noticed an ogre
  3387 | D:4      | Killed an ogre
  3388 | D:4      | Reached skill level 1 in Invocations
  3388 | D:4      | Reached XP level 5. HP: 42/42 MP: 4/4
  3652 | D:4      | Noticed Grinder
  3657 | D:4      | Paralysed by Grinder for 3 turns
  3667 | D:4      | Killed Grinder
  3667 | D:4      | Reached ** piety under Okawaru
  3668 | D:4      | Reached skill level 5 in Fighting
  3668 | D:4      | Reached skill level 5 in Axes
  3668 | D:4      | Reached skill level 5 in Armour
  3668 | D:4      | Reached XP level 6. HP: 42/50 MP: 4/6
  3796 | D:5      | Entered Level 5 of the Dungeon
  3801 | D:5      | Reached skill level 5 in Shields
  3993 | D:5      | Found a stormy altar of Qazlal.
  4078 | D:5      | Reached XP level 7. HP: 47/54 MP: 7/7
  4213 | D:5      | Reached skill level 6 in Axes
  4410 | D:5      | Noticed a steam dragon
  4416 | D:5      | Killed a steam dragon
  4416 | D:5      | Reached *** piety under Okawaru
  4591 | D:5      | Killed from afar by an orc priest

Illustrated notes

Levels and vault maps discovered:
D:1:      lightli_arrival_quake, layout_basic, kennysheep_nondescript,
          minmay_pentomino_r4
D:2:      layout_rooms
D:3:      layout_loops_corners, mainiacjoe_overflow_small_starburst, tgw_xom,
          hellmonk_ecumenical_altar_crossroads
D:4:      layout_loops_corners, mainiacjoe_overflow_concentric_impassable,
          minmay_temple_entry_mist, corexii_item_surrounded_by_moat,
          nrook_mini_backslash, uniq_grinder
D:5:      black_bear_nest_1, layout_loops_corners,
          nicolae_overflow_crystal_walls

Skill      XL: |  1  2  3  4  5  6  7 |
---------------+----------------------+-----
Axes           | 3 4 5 6 |  6.5
Fighting       | 4 5 |  5.6
Armour         | 4 5 |  5.7
Shields        | 4 5 |  5.6
Invocations    | 1 2 |  2.8

Action                   |  1- 3 |  4- 6 |  7- 9 || total
-------------------------+-------+-------+-------++-------
Melee: War axe           |    77 |    51 |    23 ||   151
       Headbutt          |    10 |    10 |     4 ||    24
  Use: Scroll            |    12 |     3 |       ||    15
       Potion            |     1 |     2 |     1 ||     4
Armor: Scale mail        |    40 |    14 |     8 ||    62
Dodge: Dodged            |    29 |    23 |    12 ||    64
Block: Buckler           |    19 |     7 |     4 ||    30

Table legend: (Time is in decaauts)
 A = Elapsed time spent in this place.
 B = Non-inter-level travel time spent in this place.
 C = Inter-level travel time spent in this place.
 D = Time resting spent in this place.
 E = Time spent auto-exploring this place.
 F = Levels seen in this place.
 G = Mean time per level.
                   A        B        C        D        E       F      G
               +--------+--------+--------+--------+--------+-----+--------+
         Total |   4642 |   4531 |    111 |    500 |   3477 |   5 |  928.4 |
       Dungeon |   4642 |   4531 |    111 |    500 |   3477 |   5 |  928.4 |
               +--------+--------+--------+--------+--------+-----+--------+

Top non-repeatable levels by time:
     D:3: 1254 daAuts
     D:1: 1055 daAuts
     D:4: 1039 daAuts
     D:5: 804 daAuts
     D:2: 487 daAuts
